 Dungeon Crawl Stone Soup version 0.23-a0-558-g30802b1d75 (webtiles) character file.

370506 Tristus the Slayer (level 21, -4/321 HPs)
             Began as a Minotaur Berserker on Dec 12, 2018.
             Was the Champion of Trog.
             Slain by a tengu warrior
             ... wielding a +1 great mace of holy wrath
              (8 damage)
             ... on level 2 of the Depths on Dec 13, 2018.
             The game lasted 02:34:24 (49371 turns).

Tristus the Slayer (Minotaur Berserker)            Turns: 49371, Time: 02:34:25

Health: -4/321     AC: 44    Str: 28    XL:     21   Next: 68%
Magic:  35/35      EV: 19    Int:  7    God:    Trog [******]
Gold:   2779       SH: 18    Dex: 22    Spells: 20/20 levels left

rFire    . . .     SeeInvis +   a - +5 war axe (vamp)
rCold    + . .     Gourm    .   t - +0 shield
rNeg     . . .     Faith    .   m - +15 plate armour of Maroe {Int+3}
rPois    .         Spirit   .   (helmet restricted)
rElec    .         Reflect  +   l - +0 cloak
rCorr    .         Harm     .   G - +2 pair of gloves {archery}
MR       +++++                  b - +2 pair of boots {run}
Stlth    ..........             C - +3 amulet of reflection
HPRegen  1.63/turn              Q - ring of Coir {rC+ MR+ MP+9 Dex+3 SInv}
MPRegen  0.24/turn              L - ring of protection from magic

@: berserking, regenerating, very quick
A: retaliatory headbutt, horns 2
}: 2/15 runes: decaying, serpentine
a: Berserk, Trog's Hand, Brothers in Arms, Renounce Religion


You were on level 2 of the Depths.
You worshipped Trog.
Trog was exalted by your worship.
You were hungry.

You visited 7 branches of the dungeon, and saw 37 of its levels.
You also visited: Ossuary and Ice Cave.

You collected 4411 gold pieces.
You spent 1632 gold pieces at shops.

Inventory:

Hand Weapons
 a - a +5 vampiric war axe (weapon)
 g - a +1 antimagic demon trident
Missiles
 w - 12 steel javelins
 R - 10 throwing nets
 X - 5 javelins (quivered)
Armour
 b - a +2 pair of boots of running (worn)
 l - a +0 cloak (worn)
 m - the +15 plate armour of Maroe (worn) {Int+3}
   (You bought it in a shop on level 14 of the Dungeon)

   It affects your intelligence (+3).
 t - a +0 shield (worn)
 G - a +2 pair of gloves of archery (worn)
Jewellery
 h - an uncursed ring of poison resistance
 C - a +3 amulet of reflection (around neck)
 F - an uncursed ring of resist corrosion
 L - a ring of protection from magic (right hand)
 Q - the ring of Coir (left hand) {rC+ MR+ MP+9 Dex+3 SInv}
   (You found it on level 5 of the Lair of Beasts)

   [ring of dexterity]

   It affects your dexterity (+3).
   It protects you from cold.
   It affects your resistance to hostile enchantments.
   It affects your magic capacity (+9).
   It lets you see invisible.
Wands
 j - a wand of scattershot (2)
 p - a wand of clouds (9)
 v - a wand of disintegration (22)
 y - a wand of digging (11)
 A - a wand of enslavement (8)
 D - a wand of polymorph (15)
 I - a wand of acid (14)
 N - a wand of paralysis (14)
 Z - a wand of iceblast (30)
Scrolls
 d - 16 scrolls of identify
 i - 15 scrolls of teleportation
 k - a scroll of summoning
 n - 2 scrolls of holy word
 B - a scroll of silence
 H - 8 scrolls of remove curse
 J - 8 scrolls of fog
 O - 2 scrolls of blinking
 T - 2 scrolls of magic mapping
 V - 3 scrolls of fear
Potions
 c - 7 potions of mutation
 f - 11 potions of flight
 r - 4 potions of heal wounds
 s - 5 potions of agility
 u - 11 potions of might
 z - 4 potions of resistance
 E - 2 potions of haste
 K - 4 potions of ambrosia
 P - 21 potions of curing
 S - 4 potions of invisibility
 U - 5 potions of lignification
 W - a potion of berserk rage
 Y - 7 potions of cancellation
Miscellaneous
 q - a lightning rod (4/4)
Comestibles
 e - 71 rations
 o - 4 chunks of flesh


   Skills:
 * Level 24.2 Fighting
 + Level 20.0 Axes
 - Level 8.0 Throwing
 + Level 21.3 Armour
 - Level 14.0 Dodging
 - Level 15.0 Shields
 - Level 8.0 Evocations


You had 20 spell levels left.
You didn't know any spells.
Your spell library was empty.

Dungeon Overview and Level Annotations

Branches:
Dungeon (15/15)            Temple (0/1) D:5            Lair (6/6) D:10
  Swamp (4/4) Lair:3        Snake (4/4) Lair:4        Slime (0/5) Lair:6
    Orc (2/2) D:10            Elf (0/3) Orc:2        Vaults (4/5) D:13
  Crypt (0/3) Vaults:2     Depths (2/5) D:15

Altars:
Ashenzari
Cheibriados
Elyvilon
Fedhas
Qazlal
Ru
Trog
Uskayaw
Vehumet
Xom
Zin
The Shining One
Beogh

Shops:
D:6 :   D:7 *   D:12 *   D:14 [   Orc:2 (!:%   Snake:2 =   Vaults:2 }
Vaults:3 }

Portals:
Hell: Depths:1 Depths:2
Pandemonium: Depths:2
Trove: Depths:1 (show abyssal rune of Zot)

Annotations:
Lair:1 exclusion: 3 oklob plants
Swamp:3 1 runed door, Boeken's ghost, journeyman GrFi
Vaults:2 2 runed doors, SupremeSnack's ghost, adept DsVM; twirl's ghost, adept GrFi


Innate Abilities, Weirdness & Mutations

You reflexively headbutt those who attack you in melee.
You have a pair of horns on your head.


Message History

You hit the lich.
You feel the power of Trog in you as your rage grows.
You destroy the lich!
Trog accepts your kill.
Trog appreciates your killing of a magic user.
The shadow demon disappears in a puff of smoke!
You miss the tengu warrior. You slash the rakshasa!
The injured rakshasa weaves a defensive illusion!
The ice dragon breathes frost at you. The blast of cold hits you! You resist.
* * * LOW HITPOINT WARNING * * *
The ice dragon breathes frost at you. The blast of cold misses you.
You completely miss the ice dragon.
You headbutt the ice dragon, but do no damage.
The ice dragon is almost dead.
You slash the rakshasa! You hit the rakshasa. You slash the tengu warrior!
You block the rakshasa's attack.
The tengu warrior hits you with a +1 great mace of holy wrath!
You die...

.....# #......≈≈≈≈.##
.....# ###....).....###
.....## #.>.)).......#
......## ##()).......##
≈≈.....####..≈.......#
........##...≈..#...##
##.......(....≈≈R##.#
################R########
..# ......R@Q....... ..#
......D.)p...... ..#
.......§D)...... ..#
.....(.......... ..#
................ ..#
................ ..#
..............∩# ..#
...............# ..#
.............##


You could see 2 ice dragons, 3 rakshasas, a hell knight and a tengu warrior.

Vanquished Creatures
  Sojobo (Depths:1)
  Boris (Vaults:2)
  Vashnia (Snake:3)
  Xtahua (Vaults:4)
  Nikola (Vaults:2)
  2 liches
  Rupert (D:13)
  An Ice Fiend (IceCv)
  Frances (Lair:3)
  Kirke (Snake:4)
  2 sphinxes
  2 tengu reavers
  Roxanne (Snake:4)
  3 fire giants
  8 nagarajas
  An orc warlord (Orc:1)
  A frost giant (Depths:1)
  3 deep elf sorcerers
  9 vault wardens
  A ghoul (Vaults:2)
  A juggernaut skeleton (Depths:1)
  11 very ugly things
  8 stone giants
  11 ironheart preservers
  Nessos (D:12)
  2 entropy weavers
  4 ettins
  A crystal guardian (Vaults:3)
  Snorg (Lair:5)
  6 fire dragons
  7 yaktaur captains
  5 ice dragons
  18 vault guards
  Erolcha (D:13)
  Josephine (Lair:5)
  3 great orbs of eyes
  15 naga warriors
  12 hydras
  Harold (D:10)
  18 anacondas
  A ghost crab (Swamp:2)
  A rakshasa (Depths:1)
  55 two-headed ogres
  3 shambling mangroves
  7 centaur warriors
  11 alligators
  18 ogre magi
  4 death knights
  A tengu warrior (Depths:1)
  7 orc high priests (Orc:2)
  A deep troll earth mage (Depths:1)
  3 deep troll shamans
  2 vampire magi
  A titan zombie (Vaults:4)
  Urug (D:11)
  9 naga sharpshooters
  6 shock serpents
  A deep elf knight (Vaults:3)
  A spriggan berserker (Depths:2)
  A fire crab (shapeshifter) (Depths:2)
  A shadow wraith (Vaults:4)
  5 skeletal warriors (Vaults:2)
  2 sea snakes (Snake:1)
  3 spriggan druids
  9 deep trolls
  A salamander mystic (Snake:3)
  5 swamp dragons
  3 flayed ghosts (Vaults:3)
  3 wizards
  2 deep elf archers (Vaults:1)
  6 naga ritualists
  5 unseen horrors
  The ghost of Shaidar the Thaumaturge, a novice DECj of Vehumet (D:8)
  17 ironbrand convokers
  5 harpies (Vaults:3)
  9 orc knights
  3 phantasmal warriors
  6 mana vipers
  3 necromancers
  An oklob plant (Lair:4)
  4 cyclopes
  3 wolf spiders
  6 orc sorcerers
  A salamander (shapeshifter) (Vaults:2)
  A sphinx skeleton (Depths:1)
  9 deep elf magi
  2 stone giant skeletons (Depths:1)
  14 vault sentinels
  4 salamanders
  2 manticores
  43 ugly things
  A frost giant skeleton (Vaults:4)
  12 guardian serpents
  A guardian serpent (shapeshifter) (Vaults:1)
  4 ice statues (IceCv)
  17 naga magi
  A torpor snail (Lair:5)
  39 black mambas
  Psyche (D:12)
  7 elephants
  2 rime drakes
  A spriggan zombie (Depths:1)
  16 spiny frogs
  A yaktaur zombie (Depths:1)
  11 freezing wraiths
  9 ice devils (IceCv)
  3 centaur skeletons
  A yaktaur (shapeshifter) (Vaults:1)
  A kobold demonologist (D:12)
  6 komodo dragons
  26 yaktaurs
  7 trolls
  A spriggan skeleton (Depths:1)
  A meliai (shapeshifter) (Vaults:2)
  15 hornets
  A blink frog (shapeshifter) (Vaults:4)
  6 tyrant leeches
  10 polar bears
  2 raiju (Lair:6)
  Grinder (D:5)
  7 dream sheep
  A hippogriff (shapeshifter) (Vaults:1)
  A meliai zombie (D:13)
  9 bog bodies
  22 blink frogs
  19 slime creatures
  A fire giant simulacrum (Depths:1)
  A frost giant simulacrum (Depths:1)
  A fire dragon zombie (Depths:1)
  10 hippogriffs
  5 spriggans
  3 vampires (Vaults:2)
  3 water elementals (Depths:2)
  12 wyverns
  6 shadows
  A spriggan (shapeshifter) (Vaults:3)
  A dire elephant simulacrum (IceCv)
  4 redbacks
  A tarantella (Vaults:4)
  6 wraiths
  29 yaks
  A yak (shapeshifter) (Vaults:1)
  2 hogs (Snake:4)
  4 basilisks
  A basilisk (shapeshifter) (Vaults:2)
  3 swamp worm simulacra (Swamp:4)
  3 hungry ghosts
  Menkaure (D:7)
  20 vampire mosquitoes
  58 nagas
  5 iron troll simulacra (IceCv)
  Edmund (D:5)
  15 wargs
  11 swamp worms
  23 water moccasins
  2 acid dragons
  19 hydra simulacra
  14 hell hounds (Lair:6)
  7 swamp drakes
  3 porcupines
  35 orc warriors
  3 sky beasts
  14 black bears
  A black bear (shapeshifter) (Vaults:2)
  An ettin simulacrum (IceCv)
  5 ice beasts
  An eye of draining (D:15)
  A phantom (D:8)
  A boggart (shapeshifter) (Vaults:2)
  2 necrophages
  27 wolves
  A centaur (shapeshifter) (D:12)
  66 ogres
  7 boggarts
  15 centaurs
  16 crocodiles
  Blork the orc (D:6)
  5 big kobolds
  2 elf zombies
  8 bullfrogs
  A human skeleton (Vaults:4)
  A gnoll sergeant (D:8)
  An ogre simulacrum (Vaults:1)
  3 scorpions
  A wyvern skeleton (D:11)
  9 killer bees
  12 wights
  13 howler monkeys
  4 electric eels
  2 human simulacra (Vaults:1)
  2 quasits
  4 centaur zombies
  7 crimson imps
  A bullfrog zombie (D:13)
  6 hounds
  4 jellies
  42 orc priests
  Crazy Yiuf (D:5)
  25 orc wizards
  6 iguanas
  Jessica (D:2)
  A human zombie (Ossuary)
  6 hell rats (Lair:4)
  4 worker ants
  3 hound zombies
  A hound skeleton (D:5)
  5 mummies
  A worker ant zombie (D:8)
  A howler monkey zombie (D:5)
  8 gnolls
  15 adders
  A howler monkey skeleton (D:4)
  A shadow imp (D:14)
  2 white imps (Lair:5)
  An ooze (D:3)
  An ooze (shapeshifter) (Depths:1)
  5 swamp drake simulacra (Swamp:4)
  2 adder skeletons (D:4)
  3 adder zombies (Ossuary)
  5 worms
  4 dart slugs (D:2)
  5 leopard geckos
  112 orcs
  4 giant cockroaches
  8 goblins
  8 hobgoblins
  16 jackals
  20 kobolds
  4 quokkas
  4 ball pythons
  4 bats
  6 frilled lizards
  4 goblin zombies
  3 hobgoblin zombies
  7 rats
  A rat zombie (Ossuary)
  6 fungi
  2 plants
1664 creatures vanquished.

Vanquished Creatures (collateral kills)
  Mara (Vaults:2)
  A nagaraja (Snake:4)
  4 hydras
  A yaktaur captain (Vaults:2)
  5 anacondas (Snake:4)
  2 two-headed ogres (Vaults:2)
  An ogre mage (Vaults:2)
  A fire crab (shapeshifter) (Vaults:4)
  2 naga ritualists (Snake:4)
  2 ugly things (Vaults:4)
  A black mamba (Snake:4)
  5 guardian serpents
  A raiju (Lair:6)
  A blink frog (Lair:6)
  A hippogriff (Lair:6)
  A redback (Lair:6)
  5 yaks (Lair:6)
  4 wyverns (Lair:6)
  2 nagas (Snake:4)
  3 water moccasins (Lair:6)
  A wolf (Lair:6)
45 creatures vanquished.

Vanquished Creatures (others)
  A tengu reaver (Depths:1)
  An azure jelly (Swamp:4)
  An anaconda (Snake:4)
  2 naga sharpshooters
  A cyclops (Vaults:2)
  A spiny frog (Swamp:4)
  4 yaktaurs
  3 humans (Snake:4)
  2 nagas
  2 swamp worms (Swamp:4)
  An orc warrior (Vaults:3)
  2 centaurs
  An orc (Orc:2)
  13 fungi
  31 plants
66 creatures vanquished.

Grand Total: 1775 creatures vanquished

Notes
Turn   | Place    | Note
-------+----------+-------------------------------------------
     0 | D:1      | Tristus the Minotaur Berserker began the quest for the Orb.
     0 | D:1      | Reached XP level 1. HP: 19/19 MP: 0/0
   191 | D:1      | Reached XP level 2. HP: 27/27 MP: 1/1
   483 | D:2      | Reached skill level 4 in Fighting
   709 | D:2      | Reached XP level 3. HP: 32/33 MP: 2/2
   791 | D:2      | Noticed a centaur
   798 | D:2      | Killed a centaur
   798 | D:2      | Reached skill level 5 in Axes
   798 | D:2      | Reached skill level 1 in Shields
   798 | D:2      | Reached XP level 4. HP: 25/41 MP: 3/3
  1149 | D:2      | Noticed Jessica
  1151 | D:2      | Reached ** piety under Trog
  1162 | D:2      | Killed Jessica
  1162 | D:2      | Reached XP level 5. HP: 47/47 MP: 4/4
  1288 | D:2      | You fall through a shaft for 2 floors!
  1297 | D:4      | Noticed an ice beast
  1317 | D:4      | Killed an ice beast
  1340 | D:4      | Reached XP level 6. HP: 47/53 MP: 5/5
  1390 | D:4      | Found a sand-covered staircase.
  1470 | Ossuary  | Entered an ossuary
  1484 | Ossuary  | Reached skill level 5 in Fighting
  1688 | Ossuary  | Reached XP level 7. HP: 52/61 MP: 6/6
  1857 | D:4      | Found a snail-covered altar of Cheibriados.
  1863 | D:4      | Found a bloodstained altar of Trog.
  1864 | D:4      | Found a hide-covered altar of Uskayaw.
  1868 | D:4      | Found a shattered altar of Ashenzari.
  1869 | D:4      | Found a blossoming altar of Fedhas.
  2052 | D:4      | Reached *** piety under Trog
  2575 | D:3      | Found a faded altar of an unknown god.
  3990 | D:5      | Entered Level 5 of the Dungeon
  3997 | D:5      | Noticed Edmund
  4010 | D:5      | Reached skill level 5 in Armour
  4015 | D:5      | Killed Edmund
  4015 | D:5      | Reached **** piety under Trog
  4101 | D:5      | Reached skill level 6 in Fighting
  4101 | D:5      | Reached XP level 8. HP: 70/70 MP: 7/7
  4202 | D:5      | Found a radiant altar of Vehumet.
  4213 | D:5      | Noticed Grinder
  4226 | D:5      | Killed Grinder
  4373 | D:5      | Found a staircase to the Ecumenical Temple.
  4487 | D:5      | Found a runed door.
  4733 | D:5      | Found a glowing silver altar of Zin.
  5127 | D:5      | Noticed Crazy Yiuf
  5131 | D:5      | Killed Crazy Yiuf
  5274 | D:6      | Noticed Blork the orc
  5285 | D:6      | Killed Blork the orc
  5402 | D:6      | Reached skill level 7 in Fighting
  5839 | D:6      | Found Suptuta's Book Shop.
  6081 | D:7      | Noticed Menkaure
  6084 | D:7      | Killed Menkaure
  6084 | D:7      | Reached skill level 5 in Dodging
  6084 | D:7      | Reached XP level 9. HP: 79/79 MP: 8/8
  6221 | D:7      | Found Biskic's Assorted Antiques.
  6365 | D:7      | Reached skill level 10 in Axes
  7024 | D:8      | Reached skill level 8 in Fighting
  7177 | D:8      | Found a runed gate.
  7177 | D:8      | Found a runed gate.
  7177 | D:8      | Found a runed gate.
  7200 | D:8      | Found a blossoming altar of Fedhas.
  7305 | D:8      | Reached ***** piety under Trog
  7338 | D:8      | Noticed Shaidar's ghost (novice DECj)
  7434 | D:8      | Found a white marble altar of Elyvilon.
  7434 | D:8      | Found a shimmering altar of Xom.
  7435 | D:8      | Found a glowing golden altar of the Shining One.
  7640 | D:8      | Killed Shaidar's ghost
  7640 | D:8      | Reached XP level 10. HP: 89/90 MP: 9/9
  7740 | D:9      | Noticed a two-headed ogre
  7755 | D:9      | Killed a two-headed ogre
  7764 | D:9      | Received a gift from Trog
  7774 | D:9      | Reached skill level 9 in Fighting
  8424 | D:9      | Noticed a two-headed ogre
  8432 | D:9      | Killed a two-headed ogre
  8453 | D:9      | Noticed a two-headed ogre
  8468 | D:9      | Killed a two-headed ogre
  9001 | D:10     | Entered Level 10 of the Dungeon
  9100 | D:10     | Reached XP level 11. HP: 99/99 MP: 10/10
  9215 | D:10     | Found a staircase to the Orcish Mines.
  9383 | D:10     | Noticed Harold
  9406 | D:10     | Killed Harold
  9406 | D:10     | Reached skill level 10 in Fighting
  9810 | D:10     | Found a staircase to the Lair.
 10040 | Orc:1    | Entered Level 1 of the Orcish Mines
 10054 | Orc:1    | Noticed an orc warlord
 10660 | D:11     | Received a gift from Trog
 10691 | D:11     | Reached skill level 10 in Armour
 11044 | D:11     | Found a radiant altar of Vehumet.
 11515 | D:11     | Noticed Urug
 11535 | D:11     | Killed Urug
 12027 | Lair:1   | Entered Level 1 of the Lair of Beasts
 12190 | Lair:1   | Noticed an oklob plant
 12191 | Lair:1   | Noticed an oklob plant
 12191 | Lair:1   | Noticed an oklob plant
 12375 | Lair:1   | Reached skill level 11 in Fighting
 12561 | Lair:1   | Reached XP level 12. HP: 105/110 MP: 11/11
 13608 | Lair:2   | Reached skill level 15 in Axes
 13934 | Lair:2   | Noticed a seven-headed hydra
 13980 | Lair:2   | Killed a ten-headed hydra
 14704 | Lair:3   | Found a staircase to the Swamp.
 15191 | D:7      | Bought a scroll of remove curse for 69 gold pieces
 15191 | D:7      | Bought a scroll labeled DUFIANA MOLA for 23 gold pieces
 15502 | Lair:3   | Reached skill level 10 in Dodging
 15667 | Lair:3   | Found a snail-covered altar of Cheibriados.
 15674 | Lair:3   | You fall through a shaft for 3 floors!
 15674 | Lair:6   | Entered Level 6 of the Lair of Beasts
 15723 | Lair:6   | Noticed a five-headed hydra
 15734 | Lair:6   | Killed a six-headed hydra
 15832 | Lair:5   | Noticed Josephine
 15838 | Lair:5   | Reached skill level 12 in Fighting
 15847 | Lair:5   | Killed Josephine
 15854 | Lair:5   | Noticed Snorg
 15867 | Lair:5   | Reached XP level 13. HP: 39/118 MP: 12/12
 15868 | Lair:5   | Killed Snorg
 16543 | Lair:5   | Got a crude bronze ring
 16544 | Lair:5   | Identified the ring of Coir {rC+ MR+ MP+9 Dex+3 SInv} (You
                  | found it on level 5 of the Lair of Beasts)
 16850 | Lair:3   | Reached skill level 13 in Fighting
 17369 | Lair:4   | Found a staircase to the Snake Pit.
 17503 | Lair:4   | Reached ****** piety under Trog
 17517 | Lair:4   | Reached skill level 1 in Throwing
 17648 | Lair:4   | Found a glowing golden altar of the Shining One.
 18180 | Lair:4   | Reached skill level 5 in Shields
 18860 | Lair:6   | Received a gift from Trog
 18966 | Lair:6   | Reached XP level 14. HP: 129/130 MP: 13/13
 19209 | Lair:6   | Found a staircase to the Slime Pits.
 19765 | Lair:6   | Reached skill level 14 in Fighting
 20203 | Lair:6   | Received a gift from Trog
 20624 | Orc:1    | Killed an orc warlord
 20624 | Orc:1    | Reached skill level 5 in Throwing
 20986 | Orc:2    | Entered Level 2 of the Orcish Mines
 21162 | Orc:2    | Received a gift from Trog
 21548 | Orc:2    | Found Kaghuwk's Book Boutique.
 21548 | Orc:2    | Found Hyorhix's Food Emporium.
 21585 | Orc:2    | Found a roughly hewn altar of Beogh.
 21740 | Orc:2    | Found a staircase to the Elven Halls.
 22018 | Orc:2    | Found Zoyxia's Antique Weapon Boutique.
 22018 | Orc:2    | Found Hadgha Xuiz's Distillery.
 22067 | Orc:2    | Bought a potion of curing for 45 gold pieces
 22324 | D:12     | Received a gift from Trog
 22329 | D:12     | Noticed Psyche
 22573 | D:12     | Reached XP level 15. HP: 139/139 MP: 14/14
 22715 | D:12     | Found Muanlik's Assorted Antiques.
 22771 | D:12     | Bought a scroll labeled URPHICW DIPLE for 32 gold pieces
 22771 | D:12     | Bought a curved ivory wand for 128 gold pieces
 22822 | D:12     | Noticed Nessos
 22839 | D:12     | Killed Nessos
 23074 | D:12     | Killed Psyche
 23100 | D:12     | Found a stormy altar of Qazlal.
 23348 | D:12     | Found a sacrificial altar of Ru.
 23575 | D:12     | Bought a scroll of remove curse for 96 gold pieces
 23772 | D:13     | Reached skill level 1 in Evocations
 23803 | D:13     | Found a gate to the Vaults.
 23967 | D:13     | Noticed Rupert
 23996 | D:13     | Killed Rupert
 23996 | D:13     | Reached skill level 15 in Fighting
 24317 | D:13     | Noticed Erolcha
 24326 | D:13     | Killed Erolcha
 24845 | D:14     | Found Joegetil's Antique Armour Boutique.
 24906 | D:13     | Found a sacrificial altar of Ru.
 24943 | D:14     | Found a roughly hewn altar of Beogh.
 25455 | D:15     | Entered Level 15 of the Dungeon
 25480 | D:14     | Bought a pair of glowing boots for 232 gold pieces
 25485 | D:14     | Identified a +1 pair of boots of running (You bought it in
                  | a shop on level 14 of the Dungeon)
 25793 | D:15     | Received a gift from Trog
 25793 | D:15     | Reached skill level 15 in Armour
 25900 | D:15     | Found a staircase to the Depths.
 26749 | Snake:1  | Entered Level 1 of the Snake Pit
 27364 | Snake:1  | Received a gift from Trog
 27836 | Snake:1  | Reached XP level 16. HP: 150/150 MP: 18/18
 27842 | Snake:1  | Received a gift from Trog
 28722 | Snake:2  | Received a gift from Trog
 28756 | Snake:2  | Reached skill level 5 in Evocations
 28791 | Snake:2  | Reached skill level 10 in Shields
 28864 | Snake:2  | Reached skill level 16 in Fighting
 29155 | Snake:2  | Found Feanoum's Jewellery Emporium.
 29225 | Snake:2  | You fall through a shaft!
 29243 | Snake:3  | Found a frozen archway.
 29260 | IceCv    | Entered an ice cave
 29832 | IceCv    | Noticed an Ice Fiend
 29845 | IceCv    | Killed an Ice Fiend
 30326 | Snake:3  | Received a gift from Trog
 30742 | Snake:3  | Noticed Vashnia
 30782 | Snake:3  | Killed Vashnia
 31245 | Snake:4  | Entered Level 4 of the Snake Pit
 31906 | Snake:4  | Reached XP level 17. HP: 103/160 MP: 21/21
 31938 | Snake:4  | Received a gift from Trog
 32040 | Snake:4  | Reached skill level 17 in Fighting
 32577 | Snake:4  | Noticed Kirke
 32597 | Snake:4  | Killed Kirke
 32841 | Snake:4  | Noticed Roxanne
 33308 | Snake:4  | Received a gift from Trog
 33564 | Snake:4  | Got a serpentine rune of Zot
 34092 | Snake:4  | Killed Roxanne
 34848 | Swamp:1  | Entered Level 1 of the Swamp
 34848 | Swamp:1  | Noticed Frances
 34887 | Lair:3   | Killed Frances
 35731 | Swamp:2  | Reached skill level 15 in Shields
 35764 | Swamp:2  | Received a gift from Trog
 36109 | Swamp:2  | Reached XP level 18. HP: 171/171 MP: 23/23
 36730 | Swamp:3  | Reached skill level 18 in Fighting
 36907 | Swamp:3  | Found a runed door.
 36910 | Swamp:3  | Noticed Boeken's ghost (journeyman GrFi)
 37252 | D:14     | Bought a scorched plate armour for 868 gold pieces
 37252 | D:14     | Bought a shield for 139 gold pieces
 37252 | D:14     | Identified the +15 plate armour of Maroe {Int+3} (You
                  | bought it in a shop on level 14 of the Dungeon)
 37884 | Swamp:3  | Found the +8 frozen axe "Frostbite" {freezing cloud, *Noise
                  | +Fly rC+}
 38025 | Swamp:4  | Entered Level 4 of the Swamp
 38305 | Swamp:4  | Received a gift from Trog
 39642 | Swamp:4  | Got a decaying rune of Zot
 40053 | Vaults:1 | Entered Level 1 of the Vaults
 40162 | Vaults:1 | Received a gift from Trog
 40330 | Vaults:1 | Reached skill level 19 in Fighting
 40367 | Vaults:1 | Received a gift from Trog
 40551 | Vaults:1 | Found a hide-covered altar of Uskayaw.
 41028 | Vaults:1 | Reached XP level 19. HP: 184/184 MP: 24/24
 41421 | Vaults:2 | Noticed Mara
 41449 | Vaults:2 | Noticed Tristus's illusion
 41450 | Vaults:2 | Killed Mara
 41450 | Vaults:2 | Reached skill level 20 in Fighting
 41667 | Vaults:2 | Noticed Nikola
 41689 | Vaults:2 | Killed Nikola
 41880 | Vaults:2 | Received a gift from Trog
 41947 | Vaults:2 | Identified Zoidi's Guide on Twisted Flight
 41958 | Vaults:2 | Noticed Boris
 41961 | Vaults:2 | Found Iheluat's Gadget Shoppe.
 41978 | Vaults:2 | Killed Boris
 42467 | Vaults:2 | Received a gift from Trog
 42507 | Vaults:2 | Reached skill level 21 in Fighting
 42564 | Vaults:2 | Received a gift from Trog
 42653 | Vaults:2 | Found a staircase to the Crypt.
 42715 | Vaults:2 | Found a large runed door.
 42715 | Vaults:2 | Found a large runed door.
 42715 | Vaults:2 | Noticed SupremeSnack's ghost (adept DsVM)
 42715 | Vaults:2 | Noticed twirl's ghost (adept GrFi)
 43132 | Vaults:3 | Noticed a lich
 43144 | Vaults:3 | Killed a lich
 43351 | Vaults:3 | Reached XP level 20. HP: 156/198 MP: 25/25
 43429 | Vaults:3 | Received a gift from Trog
 43991 | Vaults:3 | Reached skill level 22 in Fighting
 44391 | Vaults:3 | Found Plog's Gadget Emporium.
 44648 | Vaults:3 | Received a gift from Trog
 45647 | Vaults:4 | Noticed Xtahua
 45664 | Vaults:4 | Killed Xtahua
 46208 | Vaults:4 | Received a gift from Trog
 46753 | Vaults:4 | Reached skill level 23 in Fighting
 47027 | Depths:1 | Entered Level 1 of the Depths
 47235 | Depths:1 | Reached XP level 21. HP: 149/211 MP: 26/26
 47861 | Depths:1 | Received a gift from Trog
 47931 | Depths:1 | Found a portal to a secret trove of treasure.
 48040 | Depths:1 | Noticed Sojobo
 48108 | Depths:1 | Killed Sojobo
 48199 | Depths:1 | Found a gateway to Hell.
 48357 | Depths:1 | Received a gift from Trog
 48538 | Depths:1 | Identified the +1 war axe of Noon {venom, MR+ Str+4 Int-5}
                  | (Trog gifted it to you on level 1 of the Depths)
 49033 | Depths:2 | Reached skill level 24 in Fighting
 49080 | Depths:2 | Found a one-way gate leading to the halls of Pandemonium.
 49292 | Depths:2 | Received a gift from Trog
 49369 | Depths:2 | HP: 10/321 [lich/iron shot (39)]
 49370 | Depths:2 | HP: 3/321 [ice dragon/blast of cold (7)]
 49371 | Depths:2 | Slain by a tengu warrior

Vault maps used:
D:1:      dpeg_arrival_lava_altar
D:2:      grunt_ministairs_8, uniq_jessica
D:3:      chequers_ecumenical_altar_twisty
D:4:      minitemple, nicolae_ossuary_entry_giza
D:5:      vehumet_crystals, minmay_temple_entry_junction, basic_altar,
          first_ration, dk_vineyard_2, uniq_edmund, uniq_grinder,
          uniq_crazy_yiuf_cottage
D:6:      serial_shops, shop_fountains, uniq_blork_the_orc
D:7:      serial_shops, shop_fountains, serial_curves, eino_curves_03,
          eino_curves_03, grunt_ogre_cave, chequers_serial_rivers_small_a,
          uniq_menkaure
D:8:      gammafunk_temple_overflow_claw, ebering_ghost_rock_garden,
          fedhas_altar_3
D:10:     erik_lair_dragon, uniq_harold
D:11:     basic_altar, uniq_urug
D:12:     hangedman_cross_stitches, serial_shops, nicolae_shop_waterfront,
          basic_altar, nicolae_ru_path_of_blood, uniq_psyche, uniq_nessos
D:13:     lemuel_upstairs_altar, david_vaults_1, uniq_erolcha, uniq_rupert
D:14:     special_room, serial_shops, nicolae_shop_crystal,
          minmay_staircase_bubble
D:15:     grunt_enter_depths_magical_seal, hangedman_glass_teeth,
          glass_columns_a
Lair:1:   st_stairs_9, minmay_lair_oklob_chamber
Lair:2:   grunt_forest_stairs_clearing
Lair:3:   skrybe_swamp_entry_bodies, basic_altar
Lair:4:   minmay_snake_entry_guardpost_medium, basic_altar,
          infiniplex_staircase_pool, grunt_megastairs_4
Lair:5:   bobbens_ice_dragon_lair, uniq_josephine, uniq_snorg
Lair:6:   hangedman_lair_caniforms_friends, hangedman_lair_tendril_chambers,
          slime_dummy
Swamp:1:  evilmike_swamp_ruin_house_1, swamp_pool2, uniq_frances
Swamp:2:  hangedman_swamp_cone
Swamp:3:  ebering_ghost_inner_flame, serial_swamp_ruin,
          hangedman_swamp_ruin_hall, hangedman_swamp_ruin_wall
Swamp:4:  swamp_icy
Snake:1:  serial_bayou_shore_a
Snake:2:  serial_shops, nicolae_shop_stone, hangedman_snake_corridor_cut
Snake:3:  portal_ice_cave_entry_pillars_2, uniq_vashnia
Snake:4:  grunt_snake_rune_serpentine_throne, uniq_roxanne, uniq_kirke
Orc:1:    enter_bailey_2
Orc:2:    st_orc_town
Vaults:1: ontoclasm_vaults_eye, nicolae_vaults_big_ls, vaults_dpeg_hooks,
          nicolae_vaults_meeting, ontoclasm_vaults_fault,
          vaults_mumra_chevron_long, nicolae_vaults_windows_and_doors_thing,
          vaults_room_grunt_arrival_checkpoint, ontoclasm_vaults_chip,
          v_misc_19, ontoclasm_vaults_loading_screen, v_pattern_3, basic_altar
Vaults:2: advil_vaults_ghost_guards, minmay_crypt_entry_vampire_xt,
          vaults_mumra_hex, vaults_room_octagon, grunt_vaults_swirl,
          nicolae_vaults_network_square, v_misc_24, v_misc_30, v_misc_19,
          nicolae_vaults_ring_of_whatevers, nicolae_vaults_rhombus_7,
          nicolae_vaults_ring_of_whatevers, vaults_room_hallway,
          vaults_room_ringed_pool, serial_shops, nicolae_shop_stone, uniq_boris,
          uniq_mara, uniq_nikola
Vaults:3: vaults_room_corners, grunt_vaults_bifocal,
          vaults_standard_mumra_lines, v_misc_25,
          nicolae_vaults_network_quincunx, v_misc_29,
          nicolae_vaults_quartermaster, nicolae_vaults_little_squares_4,
          vaults_room_pools, vaults_room_semicircle, serial_shops, shop
Vaults:4: vaults_dpeg_cross, nicolae_vaults_three_branches, v_misc_8,
          vaults_room_stairs_pillars, v_alt_pattern_1, vaults_room_pool,
          uniq_xtahua
Depths:1: hell_entry, nicolae_trove_entry_diagonal, grunt_ministairs_9,
          lemuel_another_geyser, uniq_sojobo
Depths:2: hourglass_vault, hell_entry, pan_entry, serial_rivers,
          chequers_serial_rivers_small_b, chequers_serial_rivers_micro_d,
          chequers_serial_rivers_micro_a, chequers_serial_rivers_room_b,
          chequers_serial_rivers_large_b, chequers_serial_rivers_marsh,
          hangedman_abyss_or_decor_slice
Ossuary:  ossuary_minmay_tomb_2a
IceCv:    ice_cave_tombish

Skill      XL: |  1  2  3  4  5  6  7  8  9 10 11 12 13 14 15 16 17 18 19 20 21 |
---------------+----------------------------------------------------------------+-----
Axes           | 4 5 6 7 9 11 12 14 16 17 18 19 20 | 20.0
Fighting       | 4 5 6 7 8 9 11 12 13 14 15 16 17 19 21 23 24 | 24.2
Armour         | 3 4 5 6 8 9 10 11 13 14 15 16 17 18 19 20 21 | 21.3
Shields        | 1 2 3 4 5 8 9 12 15 | 15.0
Dodging        | 3 5 6 7 9 10 12 13 14 | 14.0
Throwing       | 3 6 8 |  8.0
Evocations     | 4 6 8 |  8.0

Action                   |  1- 3 |  4- 6 |  7- 9 | 10-12 | 13-15 | 16-18 | 19-21 || total
-------------------------+-------+-------+-------+-------+-------+-------+-------++-------
Melee: Hand axe          |    36 |   118 |   330 |   251 |       |       |       ||   735
       Headbutt          |     7 |    18 |    91 |   176 |   464 |   695 |   674 ||  2125
       War axe           |       |       |    73 |    88 |  1326 |  1787 |  1732 ||  5006
       Battleaxe         |       |       |       |   266 |       |       |       ||   266
 Fire: Hunting sling     |       |       |       |     8 |       |       |       ||     8
Throw: Javelin           |       |       |       |     1 |     2 |     6 |       ||     9
Invok: Berserk           |       |       |       |     2 |       |     2 |     2 ||     6
       Trog's Hand       |       |       |       |     1 |     1 |     3 |     3 ||     8
       Brothers in Arms  |       |       |       |     1 |     2 |     4 |     4 ||    11
Evoke: Wand              |       |       |       |     3 |    18 |     7 |     6 ||    34
  Use: Scroll            |       |       |    18 |    11 |    13 |     7 |     6 ||    55
       Potion            |       |       |     1 |       |       |     3 |     1 ||     5
 Stab: Distracted        |       |       |       |       |       |     2 |     1 ||     3
  Eat: Chunk             |       |     2 |    21 |    28 |    36 |    26 |    31 ||   144
       Ration            |       |       |       |     2 |     1 |     6 |       ||     9
Armor: Animal skin       |     4 |     1 |       |       |       |       |       ||     5
       Leather armour    |       |     5 |       |       |       |       |       ||     5
       Chain mail        |       |    48 |    31 |       |   141 |   316 |       ||   536
       Ice dragon scales |       |     4 |    70 |       |       |    22 |       ||    96
       Plate armour      |       |       |    55 |   243 |   165 |   318 |   625 ||  1406
       Scale mail        |       |       |       |       |   124 |       |       ||   124
Dodge: Dodged            |    27 |    67 |   179 |   340 |   876 |   967 |   621 ||  3077
Block: Buckler           |       |    22 |   110 |   112 |   605 |   529 |       ||  1378
       Reflection        |       |       |     1 |     1 |    21 |    73 |    49 ||   145
       Other             |       |       |       |    46 |       |       |       ||    46
       Shield            |       |       |       |       |       |   505 |  1221 ||  1726

Table legend:
 A = Non-vault XP
 B = Vault XP
 C = Vault XP percentage of total XP
 D = Non-vault monster count
 E = Vault monster count
 F = Vault count percentage of total count
                 A         B        C        D         E       F
            +---------+---------+-------+---------+---------+-------
      Total |  421290 |  247477 |  37.0 |    1166 |     549 |  32.0
            +---------+---------+-------+---------+---------+-------
        D:1 |      17 |       0 |   0.0 |       9 |       0 |   0.0
        D:2 |     206 |      42 |  16.9 |      27 |       3 |  10.0
        D:3 |      76 |       0 |   0.0 |      26 |       0 |   0.0
        D:4 |     554 |      20 |   3.5 |      22 |       3 |  12.0
        D:5 |     634 |     479 |  43.0 |      21 |       3 |  12.5
        D:6 |     382 |     102 |  21.1 |      16 |       1 |   5.9
        D:7 |    1049 |     296 |  22.0 |      25 |       2 |   7.4
        D:8 |     941 |     671 |  41.6 |      21 |       1 |   4.5
        D:9 |    4912 |       0 |   0.0 |      22 |       0 |   0.0
       D:10 |    2219 |    1754 |  44.1 |      28 |       5 |  15.2
       D:11 |    3102 |     962 |  23.7 |      19 |       2 |   9.5
       D:12 |    3615 |    3625 |  50.1 |      39 |      12 |  23.5
       D:13 |    6327 |    6518 |  50.7 |      19 |       5 |  20.8
       D:14 |    3117 |    1180 |  27.5 |      15 |      25 |  62.5
       D:15 |   18202 |    8275 |  31.3 |      31 |      11 |  26.2
     Lair:1 |    3955 |     479 |  10.8 |      20 |       3 |  13.0
     Lair:2 |    3970 |     999 |  20.1 |      14 |       6 |  30.0
     Lair:3 |    2624 |    2942 |  52.9 |      13 |       3 |  18.8
     Lair:4 |    9183 |    2497 |  21.4 |      36 |       7 |  16.3
     Lair:5 |    7137 |    2729 |  27.7 |      33 |       7 |  17.5
     Lair:6 |   12268 |   18705 |  60.4 |      47 |      88 |  65.2
    Swamp:1 |    7888 |       0 |   0.0 |      26 |       0 |   0.0
    Swamp:2 |   14127 |       0 |   0.0 |      29 |       0 |   0.0
    Swamp:3 |    6985 |       0 |   0.0 |      18 |       0 |   0.0
    Swamp:4 |   18525 |    6044 |  24.6 |      38 |      30 |  44.1
    Snake:1 |   17119 |       0 |   0.0 |      34 |       0 |   0.0
    Snake:2 |   19806 |    7503 |  27.5 |      39 |      16 |  29.1
    Snake:3 |   11127 |    7309 |  39.6 |      20 |       4 |  16.7
    Snake:4 |   17569 |   42630 |  70.8 |      38 |      68 |  64.2
      Orc:1 |    4248 |       0 |   0.0 |      33 |       0 |   0.0
      Orc:2 |    4376 |    7848 |  64.2 |      57 |      61 |  51.7
   Vaults:1 |   11511 |   43614 |  79.1 |      33 |      61 |  64.9
   Vaults:2 |   38684 |   26234 |  40.4 |      68 |      26 |  27.7
   Vaults:3 |   64019 |   22003 |  25.6 |      82 |      39 |  32.2
   Vaults:4 |   30628 |    7894 |  20.5 |      42 |       8 |  16.0
   Depths:1 |   39912 |   10799 |  21.3 |      56 |       4 |   6.7
   Depths:2 |   30276 |    5081 |  14.4 |      50 |       5 |   9.1
    Ossuary |       0 |     244 | 100.0 |       0 |      16 | 100.0
      IceCv |       0 |    7999 | 100.0 |       0 |      24 | 100.0
            +---------+---------+-------+---------+---------+-------
